 Dungeon Crawl Stone Soup version 0.17-a0-131-ga9cda9c (webtiles) character file.

6930 karlm the Basher (level 11, -1/69 HPs)
             Began as a Gargoyle Fighter on Mar 24, 2015.
             Was a Believer of Okawaru.
             Slain by Urug
             ... wielding a +0 battleaxe
              (12 damage)
             ... on level 10 of the Dungeon.
             The game lasted 00:33:39 (11946 turns).

karlm the Basher (Gargoyle Fighter)                Turns: 11946, Time: 00:33:39

Health: -1/69      AC: 22    Str: 22    XL:     11   Next: 7%
Magic:  11/11      EV:  9    Int: 10    God:    Okawaru [**....]
Gold:   329        SH: 12    Dex:  9    Spells: 0 memorised, 10 levels left

rFire  . . .     SeeInvis +     a - +1 flail
rCold  . . .     Clarity  .     k - +0 mottled dragon armour
rNeg   + . .     SustAb   .     c - +1 shield
rPois  ∞         Gourm    .     T - +1 helmet {SInv}
rElec  +         Spirit   .     j - +0 cloak
rCorr  .         Warding  .     L - +0 pair of gloves
rMut   .         Stasis   .     n - +0 pair of boots
MR     +....                    (no amulet)
Stlth  +.........               (no ring)
                                Y - ring of protection from magic

@: somewhat resistant to hostile enchantments, very unstealthy
A: negative energy resistance 1, electricity resistance, unbreathing,
petrification resistance, rot immunity, AC +7
a: Heroism, Renounce Religion


You were on level 10 of the Dungeon.
You worshipped Okawaru.
Okawaru was pleased with you.
You were hungry.

You visited 2 branches of the dungeon, and saw 11 of its levels.

You collected 510 gold pieces.
You spent 181 gold pieces at shops.

Inventory:

Hand weapons
 a - a +1 flail (weapon)
 x - a +0 hunting sling
 K - the +7 spear of Jyoshriwuh {holy, rC- MR+ Int+3 Dex+6}
   (You found it on level 7 of the Dungeon)

   It has been blessed by the Shining One to cause great damage to the undead
   and demons.
   It affects your intelligence (+3).
   It affects your dexterity (+6).
   It makes you vulnerable to cold.
   It affects your resistance to hostile enchantments.
 R - a +0 blowgun
Missiles
 m - 2 curare-tipped needles
 o - 4 silver tomahawks
 u - 20 tomahawks (quivered)
 y - 25 stones
 S - 9 exploding sling bullets
 Z - 10 poisoned needles
Armour
 c - a +1 shield (worn)
 j - a +0 cloak (worn)
 k - a +0 mottled dragon armour (worn)
 n - a +0 pair of boots (worn)
 L - a +0 pair of gloves (worn)
 T - a +1 helmet of see invisible (worn)
Jewellery
 Y - a ring of protection from magic (left hand)
Magical devices
 b - a wand of digging (9)
 e - a wand of flame (15)
 f - a wand of slowing (17)
 B - a wand of teleportation (3)
 N - a wand of polymorph (0)
 O - a wand of flame (25)
 Q - a wand of paralysis (18)
 X - a wand of heal wounds (2)
Scrolls
 d - a scroll of random uselessness {unknown}
 g - a scroll of teleportation
 h - 2 scrolls of remove curse
 l - 2 scrolls of amnesia
 p - a scroll of magic mapping {unknown}
 A - 3 scrolls of fog
 F - a scroll of identify
 H - 5 scrolls of immolation
Potions
 i - 2 potions of magic
 q - a potion of mutation
 r - 5 potions of haste {unknown}
 s - 2 potions of degeneration {unknown}
 t - 3 potions of restore abilities {unknown}
 v - a potion of beneficial mutation {unknown}
 w - 2 potions of berserk rage
 z - 7 potions of curing {unknown}
 D - a potion of cancellation {unknown}
 E - 2 potions of poison {unknown}
 G - a potion of ambrosia {unknown}
 I - 2 potions of cure mutation {unknown}
 M - a potion of heal wounds {unknown}
 P - a potion of agility {unknown}
 V - 2 potions of resistance {unknown}
Comestibles
 C - 5 meat rations
 J - a chunk of flesh
 U - 3 fruits


   Skills:
 + Level 8.8 Fighting
 * Level 10.6 Maces & Flails
 + Level 8.8 Armour
 + Level 9.0 Shields


You had 10 spell levels left.
You didn't know any spells.

Dungeon Overview and Level Annotations

Branches:
Dungeon (10/15)            Temple (1/1) D:7            Lair (0/8) D:9
    Orc: D:9-12

Altars:
Ashenzari
Cheibriados
Dithmenos
Elyvilon
Fedhas
Gozag
Kikubaaqudgha
Makhleb
Nemelex Xobeh
Okawaru
Qazlal
Ru
Sif Muna
Trog
Vehumet
Xom
Yredelemnul
Zin
The Shining One

Shops:
D:8 [=%   D:9 (

Annotations:
D:10 Urug


Innate Abilities, Weirdness & Mutations

You are resistant to torment.
You are immune to poison.
Your stone body is very resilient (AC +7).
You resist negative energy.
You are resistant to electric shocks.
You can survive without breathing.
You are immune to petrification.
You are immune to rotting.


Message History

Urug is almost dead.
You block Urug's attack.
You hit Urug but do no damage.
Urug is almost dead.
Urug hits you with a battleaxe!!
* * * LOW HITPOINT WARNING * * *
You hit Urug but do no damage.
Urug is almost dead.
You hit Urug!
Urug is almost dead.
You block Urug's attack.
You hit Urug but do no damage.
Urug is almost dead.
You block Urug's attack.
You hit Urug but do no damage.
Urug is almost dead.
You miss Urug.
Urug is almost dead.
Urug hits you with a battleaxe!
You die...

#...# ##...# #.#..##
###...#### ###....#
###..## ##..# #..#
###### ##..# ##(@og##
#### ##...# ##..##.(#
#..###...####..####.#
#........###..## #.#
###...........# #.#
##.........## #.#
#..######## #.# #..#
.g# #..# o.#


You could see Urug and a hobgoblin.

Vanquished Creatures
  The ghost of Emanloe the Prestidigitator, an experienced DDFi of Ru (D:8)
  A hill giant (D:10)
  A cyclops (D:9)
  The ghost of Emanloe the Covered, an experienced GrFi (D:5)
  Eustachio (D:9)
  Grum (D:8)
  A steam dragon (D:8)
  3 wolves (D:8)
  Edmund (D:4)
  A hungry ghost (D:9)
  3 ice beasts
  A soldier ant (D:10)
  2 orc warriors
  4 centaurs
  2 phantoms (D:4)
  5 black bears
  2 necrophages
  3 ogres
  A crocodile (D:7)
  Duvessa (D:4)
  3 giant frogs
  A water moccasin skeleton (D:4)
  A wyvern skeleton (D:9)
  4 killer bees (D:6)
  3 quasits
  8 crimson imps
  2 hounds
  Dowan (D:4)
  A giant frog skeleton (D:5)
  A centaur zombie (D:7)
  Crazy Yiuf (D:4)
  3 iguanas
  5 jellies
  4 orc priests
  2 orc wizards
  7 worker ants
  4 sheep (D:9)
  A killer bee zombie (D:9)
  2 hound zombies
  Terence (D:3)
  A hound skeleton (D:4)
  Robin (D:4)
  3 gnolls (D:3)
  9 adders
  A shadow imp (D:9)
  3 worms
  An adder skeleton (D:4)
  An adder zombie (D:9)
  5 giant geckos
  4 oozes (D:3)
  43 orcs
  9 giant cockroaches
  28 goblins
  17 hobgoblins
  A ball python skeleton (D:6)
  20 bats
  2 giant gecko skeletons
  7 giant newts
  A jackal skeleton (D:4)
  14 kobolds
  6 quokkas
  A quokka skeleton (D:4)
  3 quokka zombies
  14 rats
  A ballistomycete (D:4)
  A fungus (D:4)
288 creatures vanquished.

Vanquished Creatures (others)
  A giant spore (D:4)
1 creature vanquished.

Grand Total: 289 creatures vanquished

Notes
Turn   | Place    | Note
--------------------------------------------------------------
     0 | D:1      | karlm, the Gargoyle Fighter, began the quest for the Orb.
     0 | D:1      | Reached XP level 1. HP: 14/14 MP: 1/1
   118 | D:1      | Reached XP level 2. HP: 19/19 MP: 2/2
   804 | D:2      | Reached XP level 3. HP: 20/23 MP: 3/3
  1054 | D:2      | You fall through a shaft!
  1076 | D:3      | Noticed Terence
  1099 | D:3      | Killed Terence
  1099 | D:3      | Reached XP level 4. HP: 16/29 MP: 4/4
  1240 | D:3      | Reached skill level 4 in Armour
  1341 | D:3      | Reached XP level 5. HP: 22/33 MP: 5/5
  1615 | D:2      | Found a white marble altar of Elyvilon.
  2526 | D:3      | Found a blossoming altar of Fedhas.
  2642 | D:4      | Reached XP level 6. HP: 39/39 MP: 6/6
  2651 | D:4      | Noticed Robin
  2714 | D:4      | Killed Robin
  3354 | D:4      | Noticed Edmund
  3355 | D:4      | Noticed a phantom
  3377 | D:4      | Killed Edmund
  3377 | D:4      | Reached skill level 5 in Fighting
  3377 | D:4      | Reached XP level 7. HP: 15/44 MP: 7/7
  3583 | D:4      | Killed a phantom
  3583 | D:4      | Reached skill level 5 in Maces & Flails
  3583 | D:4      | Reached skill level 5 in Armour
  3583 | D:4      | Reached skill level 5 in Shields
  3679 | D:4      | Noticed a phantom
  3715 | D:4      | Killed a phantom
  3854 | D:4      | Noticed an ogre
  3866 | D:4      | Killed an ogre
  4081 | D:4      | Noticed Crazy Yiuf
  4087 | D:4      | Killed Crazy Yiuf
  4087 | D:4      | Reached XP level 8. HP: 32/50 MP: 8/8
  4155 | D:5      | Entered Level 5 of the Dungeon
  4157 | D:5      | Found a white marble altar of Elyvilon.
  4160 | D:5      | Noticed Emanloe's ghost (experienced GrFi)
  4636 | D:4      | Reached skill level 6 in Maces & Flails
  4704 | D:5      | Found a burning altar of Makhleb.
  4990 | D:5      | Killed Emanloe's ghost
  5485 | D:5      | Reached skill level 7 in Maces & Flails
  5544 | D:5      | Got a warped leather armour
  5555 | D:5      | Identified the cursed +0 leather armour "Daha" {rElec} (You found it on level 5 of the Dungeon)
  5578 | D:5      | Noticed Duvessa
  5635 | D:5      | Noticed Dowan
  5741 | D:4      | Killed Dowan
  5792 | D:4      | Killed Duvessa
  5957 | D:5      | Reached XP level 9. HP: 56/56 MP: 9/9
  6528 | D:7      | Found a bloodstained altar of Trog.
  6708 | D:6      | Found a shimmering altar of Xom.
  6708 | D:6      | Noticed an angel
  6709 | D:6      | Found a glowing silver altar of Zin.
  6846 | D:6      | Found a snail-covered altar of Cheibriados.
  7169 | D:6      | Reached skill level 8 in Maces & Flails
  7717 | D:7      | Got an ancient spear
  7731 | D:7      | Identified the +7 spear of Jyoshriwuh {holy, rC- MR+ Int+3 Dex+6} (You found it on level 7 of the Dungeon)
  7770 | D:7      | Found an iron altar of Okawaru.
  8719 | D:7      | Found a shattered altar of Ashenzari.
  8745 | D:7      | Reached XP level 10. HP: 59/63 MP: 10/10
  8773 | D:7      | Found a staircase to the Ecumenical Temple.
  8826 | Temple   | Entered the Ecumenical Temple
  8978 | D:7      | Reached skill level 9 in Maces & Flails
  9049 | D:7      | Became a worshipper of Warmaster Okawaru
  9602 | D:8      | Noticed Grum
  9626 | D:8      | Killed Grum
  9646 | D:8      | Found an opulent altar of Gozag.
  9687 | D:8      | Noticed Emanloe's ghost (experienced DDFi)
  9751 | D:8      | Killed Emanloe's ghost
  9886 | D:8      | Acquired Okawaru's first power
  9958 | D:8      | Found a shimmering altar of Xom.
  9974 | D:8      | Got a twisted quarterstaff
  9981 | D:8      | Identified the cursed +3 quarterstaff of Theory {speed, rC++} (You found it on level 8 of the Dungeon)
 10346 | D:8      | Found Ima Pnuff's Armour Emporium.
 10347 | D:8      | Found Ache's Jewellery Shop.
 10357 | D:8      | Bought a +1 helmet of see invisible for 181 gold pieces
 10424 | D:8      | Found Olaqod's Food Shoppe.
 10487 | D:9      | Found a staircase to the Lair.
 10577 | D:9      | Reached skill level 10 in Maces & Flails
 10961 | D:9      | Found Frauta's Antique Weapon Shoppe.
 11055 | D:9      | Found a shadowy altar of Dithmenos.
 11075 | D:9      | Noticed a cyclops
 11106 | D:9      | Killed a cyclops
 11381 | D:10     | Entered Level 10 of the Dungeon
 11381 | D:10     | Noticed Eustachio
 11517 | D:9      | Killed Eustachio
 11665 | D:10     | Noticed a hill giant
 11673 | D:10     | Killed a hill giant
 11673 | D:10     | Reached XP level 11. HP: 69/69 MP: 11/11
 11901 | D:10     | Noticed Urug
 11946 | D:10     | Slain by Urug

Action                   |  1- 3 |  4- 6 |  7- 9 | 10-12 || total
-------------------------+-------+-------+-------+-------++-------
Melee: Flail             |   135 |   395 |   618 |   266 ||  1414
       Unarmed           |       |       |     9 |       ||     9
       Spear             |       |       |    91 |   131 ||   222
Throw: Stone             |       |       |     5 |     5 ||    10
       Tomahawk          |       |       |       |     5 ||     5
  Use: Potion            |       |       |     1 |       ||     1
       Scroll            |       |       |    13 |     2 ||    15
  Eat: Chunk             |     1 |     8 |    16 |     9 ||    34
       Beef jerky        |       |       |     2 |       ||     2
       Fruit             |       |       |       |     1 ||     1
